 Dungeon Crawl Stone Soup version 0.30.0-7-g0c4daa9e05 (webtiles) character file.

Game seed: 5676709883704245190

654 Revguard the Grasshopper (level 7, -1/52 HPs)
             Began as a Demonspawn Warper on May 13, 2023.
             Collided with an orc (12 damage)
             ... caused by Erica
             ... on level 8 of the Dungeon.
             The game lasted 00:16:59 (5289 turns).

Revguard the Grasshopper (Demonspawn Warper)        Turns: 5289, Time: 00:16:59

Health: -1/52      AC:  6    Str: 11    XL:     7   Next: 29%
Magic:  11/11      EV: 12    Int: 15    God:
Gold:   224        SH:  0    Dex: 14    Spells: 2/12 levels left

rFire   . . .        s - +0 rapier
rCold   . . .        (no shield)
rNeg    . . .        b - +0 leather armour
rPois   .            (no helmet)
rElec   .            r - +0 cloak
rCorr   +            (no gloves)
SInv    .            f - +1 pair of boots
Will    .....        (no amulet)
Stlth   ++           l - ring of resist corrosion
HPRegen 0.28/turn    (no ring)
MPRegen 0.12/turn

%: no passive effects
@: no status effects
A: spiny 1, demonic magic 1, demonic touch 1
a: no special abilities


You were on level 8 of the Dungeon.
You visited 1 branch of the dungeon, and saw 6 of its levels.

You collected 252 gold pieces.
You spent 28 gold pieces at shops.

Inventory:

Hand Weapons
 a - a +1 short sword
 s - a +0 rapier (weapon)
 z - a +2 dagger of venom
Missiles
 d - 9 boomerangs of dispersal
Armour
 b - a +0 leather armour (worn)
 f - a +1 pair of boots (worn)
 r - a +0 cloak (worn)
Jewellery
 k - an amulet of guardian spirit
 l - a ring of resist corrosion (left hand)
Wands
 o - a wand of charming (9)
 p - a wand of acid (9)
 u - a wand of flame (14)
Scrolls
 g - 3 scrolls of fear
 t - a scroll of enchant armour {unknown}
 x - a scroll of fog
 y - 2 scrolls of identify
Potions
 e - 4 potions of lignification
 h - a potion of berserk rage
 i - a potion of magic {unknown}
 m - 2 potions of invisibility {unknown}
 n - a potion of mutation {unknown}
 q - a potion of curing
 v - a potion of flight {unknown}
 w - a potion of brilliance {unknown}


   Skills:
 + Level 3.0 Fighting
 + Level 2.8 Short Blades
 - Level 0.8 Throwing
 + Level 2.3 Armour
 + Level 3.0 Dodging
 + Level 2.0 Stealth
 + Level 3.2 Spellcasting
 + Level 3.5 Translocations
 + Level 1.8 Air Magic
 + Level 3.1 Invocations
 + Level 1.7 Evocations


You had 2 spell levels left.
You knew the following spells:

 Your Spells              Type           Power      Damage    Failure   Level
a - Blink                 Tloc           26%        N/A       9%          2
b - Lesser Beckoning      Tloc           26%        N/A       9%          2
c - Vhi's Electric Charg  Tloc/Air       20%        N/A       26%         3
d - Teleport Other        Tloc           13%        N/A       19%         3

Your spell library contained the following spells:

 Spells                   Type           Power      Damage    Failure   Level
 Gell's Gravitas          Tloc           13%        N/A       19%         3
 Portal Projectile        Hex/Tloc       14%        N/A       36%         3
 Manifold Assault         Tloc           13%        N/A       52%         4
 Call Canine Familiar     Summ           2%         N/A       61%         3
 Leda's Liquefaction      Hex/Erth       1%         N/A       95%         4
 Dispersal                Tloc           6%         N/A       100%        6


Dungeon Overview and Level Annotations

Branches:
Dungeon (5/15)
 Temple: D:4-7

Altars:
Vehumet
Wu Jian

Shops:
D:2 ?   D:4 !

Annotations:
D:5 1 runed translucent door, exclusion: statue, Doggr's ghost, novice HuNe
D:8 1 runed translucent door, Erica


Innate Abilities, Weirdness & Mutations

You are partially covered in sharp spines.
Spells you cast may paralyse adjacent enemies.
Your touch may inflict minor irresistible damage on your foes.


Message History

You start resting.
Your howler monkey dissolves into shadows! x2
Magic restored.
HP restored.
As you open the door, it creaks loudly!
Found a There-And-Back Book.
There is an open door here.
You open the door.
There is an open door here.
Found a stone staircase leading up.
As you open the gate, it creaks loudly!
An orc wizard, 2 orc priests, an orc warrior and 5 orcs come into view.
The orc wizard is wielding a +1 dagger of venom.
An orc is wielding a +1 heavy trident.
The orc shouts!
The orc wizard shouts!
The orc shouts!
The orc warrior shouts!
The orc priest shouts!
The orc shouts! x2
Found five items.
The orc attacks as you move away! The orc closely misses you.
The orc attacks as you move away! The orc is struck by your spines.
The orc hits you but does no damage.
The orc wizard casts a spell.
The orc wizard flickers and vanishes!
Deactivating autopickup; reactivate with Ctrl-A.
The orc attacks as you move away! The orc hits you with a +0 flail.
The orc attacks as you move away! The orc closely misses you.
The orc priest calls upon Beogh to heal the orc.
The orc's wounds heal themselves!
Erica the Fiery-Tempered comes into view.
She is wielding a +3 scimitar of flaming and wearing a +0 robe of cold resistance.
The orc priest calls down the wrath of Beogh upon you.
Beogh smites you!
Found a ring mail.
Found a runed translucent door.
Found a club.
Erica shouts!
Erica gestures at you while chanting. The lance of force hits you!!
Ouch! That really hurt!
* * * LOW HITPOINT WARNING * * *
You are knocked back by the lance of force.
You collide with the orc!
The orc dies!
You die...

#...# ##.....##
##..## ##.......##
##o..####.........#
#.o.....'.:.......+
##...####.........#
#..## ##.......##
#####.########.....##
#[...).....# ##...##
#.###@.#+#.# ##'##
#..<.#3#.# #.#
#...@###.# #.#
..........# ##.##
###..###..## ##...##
#.# #.####.....## .#
.##........## .#
....###.##... ####
#.#####


You could see Erica, a sixfirhy, an orc warrior and an orc.

Vanquished Creatures
  An orc warrior (D:8)
  An ogre (D:5)
  A phantom (D:5)
  A jelly (D:4)
  An iguana (D:5)
  A sleepcap (D:4)
  Natasha (thrice) (D:4)
  An orc wizard (D:8)
  7 gnolls
  3 adders
  2 shadow imps
  A white imp (D:5)
  6 worms
  4 dart slugs
  8 orcs
  3 endoplasms
  2 giant cockroaches
  5 goblins
  2 hobgoblins
  11 jackals
  A quokka (D:1)
  9 ball pythons
  3 bats
  4 kobolds
  3 rats
84 creatures vanquished.

Vanquished Creatures (others)
  An orc (D:8)
1 creature vanquished.

Grand Total: 85 creatures vanquished

Notes
Turn   | Place    | Note
-------+----------+-------------------------------------------
     0 | D:1      | Revguard the Demonspawn Warper began the quest for the Orb.
     0 | D:1      | Reached XP level 1. HP: 16/16 MP: 3/3
   246 | D:1      | Reached skill level 1 in Armour
   303 | D:1      | Gained mutation: Spells you cast may paralyse adjacent
                  | enemies. [demonic ancestry]
   303 | D:1      | Reached XP level 2. HP: 19/22 MP: 5/5
   306 | D:1      | Learned a level 2 spell: Blink
   309 | D:1      | Learned a level 2 spell: Lesser Beckoning
   591 | D:1      | Reached skill level 1 in Invocations
  1101 | D:2      | Reached XP level 3. HP: 14/27 MP: 1/6
  1161 | D:2      | Found Wialunay's Magic Scroll Shoppe.
  1182 | D:2      | Bought a scroll of identify for 28 gold pieces
  1519 | D:2      | Reached XP level 4. HP: 31/33 MP: 2/7
  1523 | D:2      | Learned a level 3 spell: Vhi's Electric Charge
  2896 | D:3      | Found a faded altar of an unknown god.
  3256 | D:4      | Reached skill level 1 in Stealth
  3356 | D:4      | Gained mutation: Your touch may inflict minor irresistible
                  | damage on your foes. [demonic ancestry]
  3356 | D:4      | Reached XP level 5. HP: 39/39 MP: 5/8
  3395 | D:4      | Reached skill level 1 in Air Magic
  3467 | D:4      | Noticed Natasha
  3475 | D:4      | Killed Natasha
  3688 | D:4      | Noticed Natasha
  3693 | D:4      | Killed Natasha
  3694 | D:4      | Reached skill level 1 in Evocations
  3753 | D:4      | Noticed Natasha
  3764 | D:4      | Killed Natasha
  3765 | D:4      | Reached XP level 6. HP: 20/46 MP: 2/10
  3874 | D:4      | Found Zaxem's Distillery.
  4075 | D:5      | Entered Level 5 of the Dungeon
  4075 | D:5      | Noticed Doggr's ghost (novice HuNe)
  4075 | D:5      | Found a runed translucent door.
  4626 | D:5      | Found a radiant altar of Vehumet.
  4666 | D:5      | Gained mutation: You are partially covered in sharp spines.
                  | [demonic ancestry]
  4666 | D:5      | Reached XP level 7. HP: 40/51 MP: 8/11
  4670 | D:5      | Learned a level 3 spell: Teleport Other
  4784 | D:5      | Found an ornate altar of the Wu Jian Council.
  5048 | D:5      | You fall into a shaft and drop 3 floors!
  5284 | D:8      | Noticed Erica
  5287 | D:8      | Found a runed translucent door.
  5288 | D:8      | Noticed a sixfirhy
  5289 | D:8      | Collided with an orc

Illustrated notes

Levels and vault maps discovered:
D:1:      spicycebolla_green_bress_n_ham_2, layout_loops_ring
D:2:      wander_river, layout_loops_ring, serial_shops,
          nicolae_shop_getting_attention, grunt_decor_fettered
D:3:      layout_loops_corners, shapermc_ecumenical_altar_mp_vishouse,
          grunt_ministairs_6, nicolae_underground_beach
D:4:      layout_cave_pools, serial_shops, shop, uniq_natasha
D:5:      layout_rooms, vehumet_statue, nicolae_overflow_crystal_walls,
          hellmonk_ghost_happy_afterlife, feat_on_display
D:8:      cheibrodos_shockbox, layout_loops_corners, minmay_orc_keep,
          uniq_erica, uniq_grum

Skill      XL: |  1  2  3  4  5  6  7 |
---------------+----------------------+-----
Armour         | 1 2 |  2.3
Dodging        | 2 3 |  3.0
Invocations    | 1 2 3 |  3.1
Short Blades   | 2 |  2.8
Translocations | 3 |  3.5
Stealth        | 1 2 |  2.0
Air Magic      | 1 |  1.8
Evocations     | 1 |  1.7
Spellcasting   | 3 |  3.2
Fighting       | 3 |  3.0
Throwing       | |  0.8

Action                     |  1- 3 |  4- 6 |  7- 9 || total
---------------------------+-------+-------+-------++-------
  Melee: Short sword       |   135 |   103 |       ||   238
         Punch             |     2 |     3 |       ||     5
         Rapier            |       |    70 |    21 ||    91
         Touch             |       |    14 |     5 ||    19
   Cast: Lesser Beckoning  |    15 |    49 |     2 ||    66
         Vhi's Electric Ch |       |     2 |     4 ||     6
    Use: Scroll            |     4 |     7 |     2 ||    13
         Potion            |     2 |       |       ||     2
   Stab: Paralysed         |    12 |    38 |     1 ||    51
         Sleeping          |       |     2 |       ||     2
 Armour: Leather armour    |    17 |    47 |     4 ||    68
         Skin              |     9 |       |       ||     9
  Dodge: Dodged            |    69 |    90 |    14 ||   173
